cohdb
Replays
Latest Replays
All Replays
Popular Replays
Top Player Replays
Match Explorer
How It Works
Community
CoH3 Stats
Reddit
Sign in to upload your games and track your stats! →
Sign in with Steam
Match 42977723
Unlisted
Match 42977723
Overview
Messages
Build Orders
End
Construct Barracks
Riflemen Squad
Engineer Squad
Riflemen Squad
M1 Mortar Team
M1 Mortar Team
Infantry Support Center
Construct Weapon Support Center
M1918 Browning Automatic Rifles
Riflemen Squad
M3 Armored Personnel Carrier
M3 Armored Personnel Carrier
M3 Armored Personnel Carrier
Grenade Package
Riflemen Squad
Forward Retreat Point
Riflemen Squad
Riflemen Squad
Selects Armored Battlegroup
Selects Strength in Steel
Selects Seek and Destroy
Advanced Logistics
Survival Training
Munitions Surplus
Demolitions Package
Selects Veteran Crews
Riflemen Squad
Cylar
JVM
ziru
妇女之友
+UnWD+ LT. M
JamesB0ndjr
JR1
能力越小 责任越少
0
0
Comments
sign in to comment!
No comments posted yet!